 Dungeon Crawl Stone Soup version 0.30.0-5-g1a98f26d00 (webtiles) character file.

Game seed: 13296129204437795405

44 zlionsfan the Gusty (level 3, -4/18 HPs)
             Began as a Gargoyle Air Elementalist on May 10, 2023.
             Killed from afar by Sigmund (5 damage)
             ... with a magic dart
             ... on level 3 of the Dungeon.
             The game lasted 00:08:44 (1898 turns).

zlionsfan the Gusty (Gargoyle Air Elementalist)     Turns: 1898, Time: 00:08:45

Health: -4/18      AC:  6    Str: 11    XL:     3   Next: 60%
Magic:  6/6        EV: 12    Int: 17    God:
Gold:   37         SH:  0    Dex: 10    Spells: 3/6 levels left

rFire   . . .        s - +5 mace of Bedazzled Forgiveness {heavy, rN+ Will+}
rCold   x . .        (no shield)
rNeg    + + .        p - +0 robe "Ziddyin" {rPois rF- SInv Archmagi}
rPois   ∞            (no helmet)
rElec   +            (no cloak)
rCorr   .            (no gloves)
SInv    +            e - +0 pair of boots
Will    +....        f - amulet of magic regeneration
Stlth   ++           o - ring of see invisible
HPRegen 0.23/turn    a - ring of fire
MPRegen 0.50/turn

%: archmagi
@: no status effects
A: sickness immunity, AC +3, negative energy resistance 1, electricity
resistance, torment resistance 1, petrification resistance, frail 1, evolution 1
a: no special abilities


You were on level 3 of the Dungeon.
You visited 1 branch of the dungeon, and saw 3 of its levels.

You collected 189 gold pieces.
You spent 152 gold pieces at shops.

Inventory:

Hand Weapons
 s - the +5 mace of Bedazzled Forgiveness (weapon) {heavy, rN+ Will+}
   (You bought it in a shop on level 2 of the Dungeon)

   rN:        It protects you from negative energy.
   Will:      It increases your willpower.
Armour
 e - a +0 pair of boots (worn)
 p - the +0 robe "Ziddyin" (worn) {rPois rF- SInv Archmagi}
   (You found it on level 2 of the Dungeon)

   rF:        It makes you vulnerable to fire.
   rPois:     It protects you from poison.
   SInv:      It lets you see invisible.
   Archmagi:  It increases the power of your magical spells.
Jewellery
 a - a ring of fire (right hand)
 f - an amulet of magic regeneration (around neck)
 o - a ring of see invisible (left hand)
Scrolls
 d - 2 scrolls of enchant weapon
 h - a scroll of amnesia {unknown}
 i - 3 scrolls of fear
 j - a scroll of immolation {unknown}
 k - a scroll of poison {unknown}
 q - a scroll of torment {unknown}
 r - 2 scrolls of brand weapon
 u - a scroll of fog {unknown}
Potions
 b - a potion of magic
 g - a potion of degeneration {unknown}
 l - a potion of resistance {unknown}
 m - 2 potions of attraction
 n - a potion of might {unknown}
 t - a potion of curing {unknown}


   Skills:
 * Level 0.4 Fighting
 + Level 1.8 Dodging
 + Level 2.5 Stealth
 + Level 0.2 Unarmed Combat
 * Level 2.3 Spellcasting
 + Level 1.3 Conjurations
 * Level 3.0 Air Magic


You had 3 spell levels left.
You knew the following spells:

 Your Spells              Type           Power      Damage    Failure   Level
a - Shock                 Conj/Air       56%        1d6       8%          1
b - Static Discharge      Conj/Air       28%        2-4/arc   12%         2

Your spell library contained the following spells:

 Spells                   Type           Power      Damage    Failure   Level
 Swiftness                Air            18%        N/A       16%         3
 Apportation              Tloc           6%         N/A       19%         1
 Necrotise                Necr           12%        1d4       19%         1
 Summon Small Mammal      Summ           12%        N/A       19%         1
 Stone Arrow              Conj/Erth      12%        3d7       38%         3
 Airstrike                Air            9%         2d(2-18)  47%         4
 Animate Armour           Summ/Erth      6%         N/A       88%         4
 Lehudib's Crystal Spear  Conj/Erth      3%         10d2      100%        8


Dungeon Overview and Level Annotations

Branches:
Dungeon (3/15)

Altars:

Shops:
D:2 [(:

Annotations:
D:3 Sigmund


Innate Abilities, Weirdness & Mutations

You are immune to sickness and miasma.
Your stone body is resilient. (AC +3)
You are immune to poison.
You resist negative energy. (rN+)
You are resistant to electric shocks. (rElec)
You are resistant to unholy torment.
You are immune to petrification.
You are frail. (-10% HP)
You have hidden genetic potential.


Message History

Sigmund is suddenly surrounded by pale green light.
Casting: Shock (safe; 8% risk of failure)
Confirm with . or Enter, or press ? or * to list all spells.
Aiming: Shock (safe; 8% risk of failure)
Press: ? - help, Shift-Dir - straight line, f/p - Sigmund
Aim: Sigmund, wielding a +0 scythe of holy wrath and wearing a +2 robe of the Archmagi (lightly wounded, 68% to hit)
You feel a surge of power!
The zap hits Sigmund.
Sigmund is moderately wounded.
Casting: Shock (safe; 8% risk of failure)
Confirm with . or Enter, or press ? or * to list all spells.
Aiming: Shock (safe; 8% risk of failure)
Press: ? - help, Shift-Dir - straight line, f/p - Sigmund
Aim: Sigmund, wielding a +0 scythe of holy wrath and wearing a +2 robe of the Archmagi (moderately wounded, 68% to hit)
You feel a surge of power!
The zap misses Sigmund.
Casting: Shock (safe; 8% risk of failure)
Confirm with . or Enter, or press ? or * to list all spells.
Aiming: Shock (safe; 8% risk of failure)
Press: ? - help, Shift-Dir - straight line, f/p - Sigmund
Aim: Sigmund, wielding a +0 scythe of holy wrath and wearing a +2 robe of the Archmagi (moderately wounded, 68% to hit)
You feel a surge of power!
The zap hits Sigmund.
Sigmund is moderately wounded.
Sigmund hits you but does no damage.
You barely miss Sigmund.
Sigmund is moderately wounded.
Sigmund points at you and mumbles some strange words.
The magic dart hits you!
You barely miss Sigmund.
Sigmund is moderately wounded.
Sigmund hits you with a +0 scythe of holy wrath.
Sigmund hits you but does no damage.
You closely miss Sigmund.
Sigmund is moderately wounded.
Sigmund hits you with a +0 scythe of holy wrath!
* * * LOW HITPOINT WARNING * * *
It was a potion of mutation.
You feel extremely strange.
You feel a hidden potential growing inside you.
You feel frail.
Sigmund points at you and mumbles some strange words.
The magic dart hits you.
You die...

#.........# #######.##
#......#### .........#
#...<..#
.........#####......#
.....>...#..........#
........)#.#############
.........#.#............
.......@.#.#.###########
#@##.#.# #.##.#.#
#.##.#.###########
#.##.#............
#.##.#############
#.##.......(.##...
#.##########.##..# #.#
#.##..# #.# #.##...


You could see Sigmund.

Vanquished Creatures
  4 bats
  6 endoplasms
  2 giant cockroaches
  5 goblins
  A hobgoblin (D:2)
  3 jackals (D:2)
  5 ball pythons
  6 frilled lizards
  5 kobolds
  4 rats
41 creatures vanquished.

Notes
Turn   | Place    | Note
-------+----------+-------------------------------------------
     0 | D:1      | zlionsfan the Gargoyle Air Elementalist began the quest for
                  | the Orb.
     0 | D:1      | Reached XP level 1. HP: 10/10 MP: 3/3
   286 | D:1      | Reached XP level 2. HP: 15/15 MP: 3/5
   912 | D:2      | Reached XP level 3. HP: 17/19 MP: 2/6
   970 | D:2      | Found Jiufa's Book Shoppe.
  1109 | D:2      | Identified the +0 robe "Ziddyin" {rPois rF- SInv Archmagi}
  1192 | D:2      | Found Tacan's Armour Boutique.
  1230 | D:2      | Found Syuf's Antique Weapon Shoppe.
  1254 | D:2      | Bought a bloodstained mace for 152 gold pieces
  1254 | D:2      | Identified the +5 mace of Bedazzled Forgiveness {heavy, rN+
                  | Will+} (You bought it in a shop on level 2 of the Dungeon)
  1301 | D:2      | Learned a level 2 spell: Static Discharge
  1330 | D:2      | Reached skill level 3 in Air Magic
  1648 | D:3      | Noticed Sigmund
  1897 | D:3      | HP: 1/20 [Sigmund/+0 scythe of holy wrath (8)]
  1898 | D:3      | Gained mutation: You have hidden genetic potential. [potion
                  | of mutation]
  1898 | D:3      | Gained mutation: You are frail. (-10% HP) [potion of
                  | mutation]
  1898 | D:3      | Killed from afar by Sigmund

Illustrated notes

Levels and vault maps discovered:
D:1:      dpeg_arrival_oval, layout_basic, bh_walls_and_bars
D:2:      layout_loops_ring, serial_shops,
          nicolae_shop_temple_entry_statues_fountains, nicolae_shop_stone,
          shop_coins, minmay_pentomino_pile
D:3:      layout_basic, jmf_multi_god_temple2, zin_angel,
          hellmonk_ecumenical_altar_the_god_not_taken, uniq_sigmund

Skill      XL: |  1  2  3 |
---------------+----------+-----
Air Magic      | 3 |  3.0
Fighting       | |  0.4
Dodging        | |  1.8
Stealth        | |  2.5
Unarmed Combat | |  0.2
Spellcasting   | |  2.3
Conjurations   | |  1.3

Action                     || total
---------------------------++-------
  Melee: Unarmed           ||    16
         Mace              ||    10
   Cast: Shock             ||    66
    Use: Scroll            ||     5
         Potion            ||     1
   Stab: Sleeping          ||     3
 Armour: Robe              ||    13
  Dodge: Dodged            ||    26
